Map: Ascension to Aiur LE

Players

wtsgoodtime

  • Race: Zerg Zerg
  • League: Platinum
  • Spawn Location: 5:00

Yata - Winner!

  • Race: Zerg Zerg
  • League: Platinum
  • Spawn Location: 11:00

VOD

Have the link to the VOD?

Description

Time

  • Played on: Oct. 11, 2017, 8:05 p.m.
  • Length: 10:48
Show
View Real Time Build Order
Export as new Build Order

wtsgoodtime Zerg 

Build Orders: Pool First 

Get SALT Encoding   

  12  0:01  Drone  
  13  0:12  Overlord  
  13  0:17  Drone  
  14  0:30  Drone x2  
  14  0:34  Drone  
  17  0:45  Spawning Pool  
  17  0:48  Drone  
  17  0:58  Extractor  
  17  0:59  Drone  
  17  1:11  Drone  
  17  1:17  Drone  
  19  1:24  Hatchery  
  18  1:32  Queen  
  20  1:40  Overlord  
  20  1:44  Zergling x2  
  21  1:55  Drone  
  22  2:03  Metabolic Boost  
  22  2:10  Queen  
  22  2:11  Drone  
  22  2:13  Drone  
  26  2:34  Drone  
  26  2:35  Drone  
  26  2:36  Overlord  
  27  2:46  Queen  
  29  2:54  Drone x4  
  33  3:06  Spine Crawler  
  33  3:08  Drone x3  
  35  3:17  Drone  
  36  3:26  Baneling Nest  
  35  3:31  Drone x5  
  40  3:45  Zergling x2  
  40  3:46  Zergling x4  
  43  4:04  Zergling x2  
  44  4:12  Overlord x2  
  44  4:13  Overlord  
  44  4:16  Extractor, Lair  
  43  4:21  Drone  
  43  4:22  Spine Crawler, Extractor x2, Drone  
  42  4:24  Baneling x2  
  42  4:25  Baneling x2  
  42  4:34  Drone x4  
  45  4:49  Drone  
  45  4:50  Drone x6  
  49  5:05  Zergling x2  
  49  5:06  Zergling x4  
  49  5:13  Zergling x2  
  50  5:16  Baneling x3  
  50  5:22  Hatchery  
  50  5:23  Spire  
  49  5:28  Drone x2  
  49  5:31  Drone  
  49  5:32  Drone  
  52  5:42  Drone x2  
  54  5:56  Drone x4  
  58  6:00  Overlord  
  58  6:02  Overlord  
  58  6:06  Zergling x4  
  58  6:07  Baneling x2  
  60  6:13  Queen  
  60  6:14  Queen  
  60  6:18  Zergling x8  
  67  6:19  Zergling x2  
  67  6:23  Overlord  
  67  6:24  Overlord  
  69  6:34  Mutalisk  
  69  6:35  Mutalisk  
  69  6:37  Zerg Flyer Armor Level 1  
  72  6:49  Mutalisk x3  
  72  6:50  Mutalisk  
  80  6:58  Evolution Chamber  
  78  7:04  Mutalisk  
  78  7:06  Zergling x8  
  84  7:28  Mutalisk  
  84  7:29  Mutalisk x2  
  84  7:54  Mutalisk x3  
  90  7:58  Hatchery  
  80  8:32  Zergling x16  
  80  8:33  Zergling x16  
  96  8:40  Overseer  
  96  8:41  Zerg Melee Weapons Level 1  
  96  8:44  Mutalisk x2  
  85  9:05  Zergling x4  
  85  9:06  Zergling x16  
  93  9:11  Queen  
  93  9:12  Queen  
  68  9:43  Drone x2  
  68  9:44  Drone x6  
  68  9:45  Spine Crawler  
  70  9:46  Spine Crawler  
  66  10:03  Baneling x4  
  66  10:05  Baneling  
  66  10:06  Baneling x4  
  65  10:08  Extractor  
  65  10:12  Extractor  
  65  10:14  Zergling x14  
  64  10:20  Zergling x2  
  75  10:21  Zergling x8  
Show
View Real Time Build Order
Export as new Build Order

Yata Zerg - Winner!

Build Orders: Hatch First 

Get SALT Encoding   

  12  0:02  Drone  
  13  0:12  Overlord  
  13  0:17  Drone  
  14  0:30  Drone  
  14  0:31  Drone  
  14  0:34  Drone  
  17  0:53  Hatchery  
  17  0:56  Drone  
  17  0:59  Drone  
  18  1:10  Extractor  
  17  1:15  Spawning Pool  
  17  1:17  Drone  
  17  1:20  Drone  
  18  1:28  Drone  
  19  1:39  Overlord  
  19  1:54  Drone  
  20  2:01  Queen  
  20  2:04  Queen  
  20  2:06  Zergling x2  
  20  2:07  Zergling x2  
  26  2:12  Metabolic Boost  
  26  2:14  Drone  
  27  2:17  Drone  
  28  2:26  Spine Crawler  
  27  2:32  Zergling x4  
  27  2:35  Drone  
  30  2:52  Drone x3  
  30  2:53  Overlord  
  33  3:00  Baneling Nest  
  33  3:04  Evolution Chamber  
  31  3:08  Drone x2  
  33  3:15  Drone x5  
  33  3:17  Drone  
  39  3:23  Zergling x4  
  40  3:58  Zergling x6  
  43  4:17  Zergling x2  
  43  4:21  Overlord x2  
  43  4:22  Overlord x4, Hatchery  
  41  5:02  Drone  
  41  5:03  Drone x7  
  41  5:06  Queen  
  44  5:10  Zerg Melee Weapons Level 1  
  44  5:19  Zergling x4  
  46  5:24  Drone x2  
  48  5:34  Lair  
  48  5:36  Extractor, Drone x3  
  48  5:37  Zergling x4  
  48  5:38  Zergling x6  
  48  5:40  Zergling x2  
  48  5:42  Baneling x2  
  56  5:43  Baneling x2  
  56  5:45  Queen  
  58  5:52  Drone x3  
  61  6:00  Drone x3  
  64  6:05  Zergling x6  
  67  6:11  Drone  
  67  6:12  Drone x4  
  72  6:29  Zergling x2  
  72  6:30  Zergling x8  
  76  6:36  Extractor  
  74  6:59  Zergling x2  
  74  7:00  Zergling x16  
  74  7:01  Hatchery  
  82  7:14  Hydralisk Den  
  82  7:15  Zergling x2  
  82  7:16  Zergling x18  
  82  7:21  Zerg Ground Armor Level 1  
  91  7:27  Spore Crawler  
  91  7:29  Spore Crawler  
  88  7:32  Spore Crawler  
  88  7:33  Spore Crawler  
  86  7:37  Spore Crawler x2  
  84  7:48  Overlord x5  
  84  7:49  Overlord x2  
  84  8:01  Overlord x5  
  84  8:04  Muscular Augments  
  84  8:05  Centrifical Hooks  
  75  8:19  Hydralisk  
  58  8:20  Hydralisk x10  
  58  8:24  Queen  
  76  8:29  Drone x7  
  76  8:32  Zergling x2  
  76  8:33  Zergling x6  
  87  8:43  Queen  
  87  8:45  Queen  
  81  9:00  Queen  
  80  9:08  Zergling x8  
  80  9:09  Zergling x18  
  88  9:12  Hydralisk  
  86  9:19  Queen  
  80  9:30  Baneling x5  
  80  9:31  Baneling  
  75  9:32  Zergling x2  
  75  9:33  Zergling x18  
  75  9:37  Hydralisk x2  
  82  9:49  Zergling x2  
  82  9:50  Zergling x4  
  84  10:01  Zergling x2  
  84  10:02  Zergling x14  
  84  10:04  Hydralisk  
  94  10:18  Zergling x6  
  97  10:22  Drone x2  
  97  10:27  Drone  
  100  10:32  Drone  
  100  10:33  Drone  
Tags
 
Add a new tag
Caveats
  • Supply blocks, unpowered buildings, or Contaminate may cause inaccurate times.
  • Supply counts are checked every 10 seconds.